[Event "Titled Tuesday Blitz June 6 Late 2023"]
[White "Klukin, Kirill"]
[Black "Nihal Sarin"]
[WhiteFideId "24199273"]
[BlackFideId "25092340"]
[WhiteElo "2344"]
[BlackElo "2689"]
[Result "0-1"]
[Round "3"]
[TimeControl "180+2"]
[Date "2023.06.07"]
[WhiteClock "0:00:08"]
[BlackClock "0:02:33"]
[Board "1"]

1. d4 Nf6 2. c4 e6 3. Nc3 Bb4 4. e3 O-O 5. Bd2 c5 6. Nf3 cxd4 7. Nxd4 Nc6 8. a3 Bc5 9. Nc2 d5 10. b4 Bb6 11. cxd5 exd5 12. Be2 Bf5 13. O-O Rc8 14. Rc1 Bxc2 15. Rxc2 d4 16. exd4 Nxd4 17. Rc1 Re8 18. Bd3 Nb3 19. Qxb3 Qxd3 20. Qc2 Qxc2 21. Rxc2 Ne4 22. Be1 Bd4 23. Nb5 Rxc2 24. Nxd4 Ra2 25. f3 Nf6 26. Bh4 Nd5 27. h3 Ne3 0-1


[Site "https://www.chess.com"]

[Event "Titled Tuesday Blitz June 6 Late 2023"]
[White "Pakleza, Zbigniew"]
[Black "Kollars, Dmitrij"]
[WhiteFideId "1119290"]
[BlackFideId "12909572"]
[WhiteElo "2410"]
[BlackElo "2584"]
[Result "0-1"]
[Round "3"]
[TimeControl "180+2"]
[Date "2023.06.07"]
[WhiteClock "0:00:02"]
[BlackClock "0:00:13"]
[Board "2"]

1. d4 Nf6 2. Nf3 g6 3. Bf4 Bg7 4. e3 O-O 5. Be2 d6 6. h3 Nfd7 7. O-O e5 8. Bh2 Nc6 9. c4 f5 10. Nc3 Kh8 11. Re1 g5 12. dxe5 dxe5 13. Qc2 e4 14. Nd2 Nde5 15. Red1 Nb4 16. Qb3 Qe7 17. Nd5 Nxd5 18. cxd5 b6 19. Rac1 Bb7 20. Nc4 f4 21. Bf1 Rad8 22. Na5 Ba8 23. Nc6 Bxc6 24. dxc6 Qf6 25. Rxd8 Rxd8 26. Qa4 Nd3 27. Bxd3 exd3 28. exf4 Qxb2 29. Rf1 Qc2 30. Qe4 Qe2 31. Qc4 Re8 32. g4 d2 33. Qd5 Qxf1+ 34. Kxf1 Re1+ 35. Kg2 d1=Q 36. Qxd1 Rxd1 37. fxg5 Rc1 38. Bxc7 Rxc6 39. Bb8 a5 40. f4 Rc2+ 41. Kf3 Rxa2 42. f5 Ra1 43. h4 a4 44. Ke4 a3 45. f6 Re1+ 46. Kf5 a2 47. fxg7+ Kg8 0-1


[Site "https://www.chess.com"]

[Event "Titled Tuesday Blitz June 6 Late 2023"]
[White "Martinez Alcantara, Jose Eduardo"]
[Black "Oro, Faustino"]
[WhiteFideId "3805662"]
[BlackFideId "20000197"]
[WhiteElo "2711"]
[BlackElo "1984"]
[Result "1-0"]
[Round "3"]
[TimeControl "180+2"]
[Date "2023.06.07"]
[WhiteClock "0:00:22"]
[BlackClock "0:00:06"]
[Board "3"]

1. e4 e5 2. Nf3 Nc6 3. Bb5 Nf6 4. d3 Bc5 5. O-O d6 6. c3 O-O 7. h3 a6 8. Ba4 h6 9. Be3 Bxe3 10. fxe3 Bd7 11. Nbd2 Ne7 12. Bb3 Ng6 13. Qe1 Be6 14. Kh2 Bxb3 15. axb3 d5 16. Qg3 dxe4 17. Nxe4 Nxe4 18. dxe4 Qe7 19. h4 Rfe8 20. Rad1 Rad8 21. Rxd8 Qxd8 22. h5 Nf8 23. Nxe5 Qd6 24. Nxf7 Qxg3+ 25. Kxg3 Rxe4 26. Nd8 Rxe3+ 27. Kf2 Re5 28. Ra1 Rb5 29. b4 Nd7 30. Ne6 c6 31. g4 Nf6 32. Kf3 Rd5 33. Nc5 Rd2 34. Nxb7 Rxb2 35. Rxa6 Nd5 36. Rxc6 Rb3 37. Nd6 Kf8 38. Ne4 Ra3 39. b5 Rb3 40. Rc5 Nb6 41. Ke3 Na4 42. Rc8+ Ke7 43. Rc7+ Kf8 44. Ra7 Nxc3 45. Nxc3 Rxc3+ 46. Kd4 Rb3 47. Kc5 Rb1 48. b6 Rc1+ 49. Kd5 Rb1 50. b7 1-0


[Site "https://www.chess.com"]

[Event "Titled Tuesday Blitz June 6 Late 2023"]
[White "Sarana, Alexey"]
[Black "Sokolovsky, Yahli"]
[WhiteFideId "24133795"]
[BlackFideId "2820242"]
[WhiteElo "2714"]
[BlackElo "2389"]
[Result "1-0"]
[Round "3"]
[TimeControl "180+2"]
[Date "2023.06.07"]
[WhiteClock "0:01:31"]
[BlackClock "0:00:05"]
[Board "4"]

1. c4 d6 2. Nf3 Bg4 3. Qb3 Qc8 4. g3 Nc6 5. Bg2 e5 6. Nc3 Bxf3 7. exf3 Nd4 8. Qd1 Ne7 9. d3 Nec6 10. O-O h5 11. f4 h4 12. fxe5 dxe5 13. Nd5 hxg3 14. fxg3 Qd7 15. Be3 O-O-O 16. a3 Nf5 17. Bf2 Ncd4 18. b4 c6 19. Nc3 g6 20. Rb1 Bh6 21. Re1 Bg7 22. b5 Rh7 23. bxc6 Nxc6 24. Qa4 Nfd4 25. Nd5 Rdh8 26. Bxd4 exd4 27. h4 g5 28. Nb4 Nxb4 29. Qxa7 Nc6 30. Qa8+ Kc7 31. Rxb7+ Kd6 32. Rxd7+ 1-0


[Site "https://www.chess.com"]

[Event "Titled Tuesday Blitz June 6 Late 2023"]
[White "Prohaszka, Peter"]
[Black "Paravyan, David"]
[WhiteFideId "726265"]
[BlackFideId "4194985"]
[WhiteElo "2626"]
[BlackElo "2563"]
[Result "0-1"]
[Round "3"]
[TimeControl "180+2"]
[Date "2023.06.07"]
[WhiteClock "0:00:01"]
[BlackClock "0:00:05"]
[Board "5"]

1. d4 d5 2. Nf3 Nf6 3. c3 e6 4. Bg5 c5 5. e3 Qb6 6. Qb3 Ne4 7. Bf4 c4 8. Qc2 Bd6 9. Nbd2 Nxd2 10. Qxd2 O-O 11. b3 Bxf4 12. exf4 cxb3 13. axb3 Qxb3 14. Bd3 Qb6 15. O-O Nc6 16. Rfe1 Bd7 17. Re3 Qc7 18. Ne5 Nxe5 19. fxe5 f5 20. exf6 Rxf6 21. Qe2 Raf8 22. Rf1 a5 23. Rh3 h6 24. Bb1 Be8 25. Rg3 a4 26. h4 Qf4 27. Qd3 Rf5 28. Qd1 Bh5 29. Qxa4 R5f7 30. Qc2 Rf5 31. Qb2 R5f7 32. Qc2 g6 33. Rxg6+ Bxg6 34. Qxg6+ Rg7 35. Qxe6+ Qf7 36. Bf5 Re8 37. Qxf7+ Kxf7 38. Rb1 Kf6 39. Bd3 Rc8 40. Rb3 Rc6 41. h5 Rgc7 42. Bg6 Rxc3 43. Rb6+ R3c6 44. Rb5 Rd6 45. Kh2 b6 46. Kg3 Rc4 47. Rb3 Rxd4 48. Rf3+ Ke6 49. Rf8 Rd1 50. f4 d4 51. f5+ Ke5 52. Re8+ Kf6 53. Kg4 d3 54. Rf8+ Ke5 55. Re8+ Kd4 56. Rf8 Rf1 0-1


[Site "https://www.chess.com"]

[Event "Titled Tuesday Blitz June 6 Late 2023"]
[White "Lazavik, Denis"]
[Black "Simonian, Hrair"]
[WhiteFideId "13515110"]
[BlackFideId "13302337"]
[WhiteElo "2560"]
[BlackElo "2447"]
[Result "1-0"]
[Round "3"]
[TimeControl "180+2"]
[Date "2023.06.07"]
[WhiteClock "0:01:32"]
[BlackClock "0:01:01"]
[Board "6"]

1. d4 Nf6 2. c4 b6 3. f3 e6 4. e4 Bb4+ 5. Nc3 Bxc3+ 6. bxc3 d6 7. Bd3 e5 8. Ne2 O-O 9. O-O c5 10. Ng3 Nc6 11. d5 Na5 12. f4 Nd7 13. Nf5 Nb7 14. Qg4 g6 15. Nh6+ Kh8 16. f5 Nf6 17. Qh4 Ng8 18. f6 Nxh6 19. Bxh6 Re8 20. Bg7+ Kg8 21. Qh6 1-0


[Site "https://www.chess.com"]

[Event "Titled Tuesday Blitz June 6 Late 2023"]
[White "Hakobyan, Aram"]
[Black "Nasuta, Grzegorz"]
[WhiteFideId "13306677"]
[BlackFideId "1141686"]
[WhiteElo "2584"]
[BlackElo "2449"]
[Result "1-0"]
[Round "3"]
[TimeControl "180+2"]
[Date "2023.06.07"]
[WhiteClock "0:01:26"]
[BlackClock "0:00:11"]
[Board "7"]

1. d4 d5 2. c4 c6 3. Nf3 Nf6 4. Nc3 e6 5. Qc2 dxc4 6. e4 b5 7. Be2 Be7 8. O-O Bb7 9. Rb1 O-O 10. b3 cxb3 11. Rxb3 a6 12. e5 Nd5 13. Ne4 h6 14. h4 Nd7 15. Nh2 c5 16. Bxh6 Nb4 17. Qb1 gxh6 18. Rg3+ Kh8 19. Qc1 Bg5 20. Nxg5 hxg5 21. Rxg5 Be4 22. Rh5+ Kg8 23. Qh6 f6 24. Qh8+ Kf7 25. Rh7+ 1-0


[Site "https://www.chess.com"]

[Event "Titled Tuesday Blitz June 6 Late 2023"]
[White "Skvortsov, Andrei"]
[Black "Kramnik, Vladimir"]
[WhiteFideId "24108600"]
[BlackFideId "4101588"]
[WhiteElo "2259"]
[BlackElo "2703"]
[Result "0-1"]
[Round "3"]
[TimeControl "180+2"]
[Date "2023.06.07"]
[WhiteClock "0:00:07"]
[BlackClock "0:00:09"]
[Board "8"]

1. e4 c5 2. d4 cxd4 3. Qxd4 Nc6 4. Qd3 Nf6 5. Nc3 e6 6. Bf4 a6 7. Be2 b5 8. e5 Qc7 9. Qf3 Ng8 10. O-O-O Bb7 11. Kb1 Rc8 12. Qe3 Nge7 13. Nf3 Nf5 14. Qd2 Bb4 15. g4 Nfe7 16. a3 Bxc3 17. Qxc3 O-O 18. Qc5 Nd5 19. Bg3 Nce7 20. Qxc7 Rxc7 21. Nd4 Ng6 22. Rhe1 Ngf4 23. Bf1 g5 24. h4 h6 25. hxg5 hxg5 26. Bd3 Kg7 27. Be4 Rh8 28. Nf3 Nh3 29. Rh1 Rc4 30. Bxd5 Bxd5 31. Rd3 Rxg4 32. Re1 Nf4 33. Rc3 Ng6 34. Rc7 Bxf3 35. Rxd7 Rc8 36. Re3 Bc6 37. Ra7 Rc4 38. Rxa6 Be4 39. b3 Rxc2 0-1


[Site "https://www.chess.com"]

[Event "Titled Tuesday Blitz June 6 Late 2023"]
[White "Deac, Bogdan-Daniel"]
[Black "Wagner, Dennis"]
[WhiteFideId "1226380"]
[BlackFideId "24650684"]
[WhiteElo "2644"]
[BlackElo "2478"]
[Result "1-0"]
[Round "3"]
[TimeControl "180+2"]
[Date "2023.06.07"]
[WhiteClock "0:00:26"]
[BlackClock "0:00:01"]
[Board "9"]

1. b3 Nf6 2. Bb2 g6 3. Nf3 Bg7 4. g3 c5 5. c4 d6 6. Bg2 e5 7. Nc3 Nc6 8. d3 O-O 9. Nd2 a6 10. Nf1 Rb8 11. Ne3 Ne7 12. O-O b5 13. a3 Be6 14. Rb1 Qd7 15. Ba1 Bh3 16. b4 Bxg2 17. Kxg2 d5 18. cxd5 Nexd5 19. Nexd5 Nxd5 20. Ne4 cxb4 21. axb4 f5 22. Qb3 Kh8 23. Nc5 Qc6 24. e4 fxe4 25. dxe4 Nb6 26. Qe6 Qxe6 27. Nxe6 Rfe8 28. Nxg7 Kxg7 29. Rbd1 Nc4 30. Rd7+ Kh6 31. Rfd1 a5 32. bxa5 b4 33. a6 b3 34. a7 Ra8 35. Rb1 b2 36. Bxb2 Nxb2 37. Rxb2 Rec8 38. Rbb7 Kg5 39. h4+ Kf6 40. Rd6# 1-0


[Site "https://www.chess.com"]

[Event "Titled Tuesday Blitz June 6 Late 2023"]
[White "Tanenbaum, Zachary"]
[Black "Bortnyk, Mykola"]
[WhiteFideId "2060850"]
[BlackFideId "14120836"]
[WhiteElo "2207"]
[BlackElo "2592"]
[Result "0-1"]
[Round "3"]
[TimeControl "180+2"]
[Date "2023.06.07"]
[WhiteClock "0:00:11"]
[BlackClock "0:00:38"]
[Board "10"]

1. e4 Nf6 2. e5 Nd5 3. d4 d6 4. Nf3 Nc6 5. c4 Nb6 6. e6 fxe6 7. Nc3 g6 8. h4 Bg7 9. h5 e5 10. d5 Nd4 11. Nxd4 exd4 12. Ne4 Bf5 13. Bd3 Qd7 14. h6 Bf6 15. Nxf6+ exf6 16. Qe2+ Kf7 17. O-O Rhe8 18. Qc2 Bxd3 19. Qxd3 Qf5 20. Qxf5 gxf5 21. b3 Re4 22. Rd1 Rae8 23. f3 Re1+ 24. Rxe1 Rxe1+ 25. Kf2 Rd1 26. Ke2 Rg1 27. Kf2 Rh1 28. Bb2 Rh4 29. Kg3 Rxh6 30. Bxd4 Nd7 31. f4 Rg6+ 32. Kf3 Rg8 33. Rh1 Rh8 34. Rh5 Kg6 35. Rh3 h5 36. Rh1 Re8 37. Bf2 a6 38. Re1 Rxe1 39. Bxe1 Kf7 40. Bf2 c6 41. dxc6 bxc6 42. Ke2 Ke6 43. Kd3 Nf8 44. b4 Kd7 45. a4 Ne6 46. Be3 d5 47. cxd5 cxd5 48. b5 axb5 49. axb5 Kd6 50. Kc3 d4+ 51. Bxd4 Nxf4 52. Bxf6 Nd5+ 53. Kd4 Nxf6 54. b6 Nd7 55. b7 h4 56. Ke3 Ke5 57. Kf3 Nb8 58. Ke3 f4+ 59. Kf2 Kf5 60. Ke2 Kg4 61. Kf2 Nc6 62. Kf1 h3 63. gxh3+ Kxh3 64. Kf2 Kg4 65. Kg2 f3+ 66. Kf2 Nb8 67. Kf1 Kg3 68. Kg1 f2+ 69. Kh1 f1=Q# 0-1


[Site "https://www.chess.com"]

[Event "Titled Tuesday Blitz June 6 Late 2023"]
[White "Narayanan.S.L"]
[Black "Ozer, Omer Faruk"]
[WhiteFideId "5058422"]
[BlackFideId "6354564"]
[WhiteElo "2563"]
[BlackElo "2260"]
[Result "1-0"]
[Round "3"]
[TimeControl "180+2"]
[Date "2023.06.07"]
[WhiteClock "0:00:40"]
[BlackClock "0:00:01"]
[Board "11"]

1. f4 Nh6 2. Nh3 d5 3. Nf2 Nf5 4. g4 Nh4 5. d4 h5 6. gxh5 Rxh5 7. e4 Rh8 8. e5 g6 9. c4 dxc4 10. Nc3 Nd7 11. Bxc4 Nb6 12. Bb3 Bh6 13. d5 Bxf4 14. Bxf4 Ng2+ 15. Kf1 Nxf4 16. Qd4 g5 17. a4 Bh3+ 18. Nxh3 Rxh3 19. a5 Rf3+ 20. Ke1 Nd7 21. e6 Nf6 22. exf7+ Kxf7 23. Rg1 g4 24. Rg3 Rxg3 25. hxg3 N4h5 26. d6+ Kg7 27. Qe5 Qxd6 28. Qg5+ Kf8 29. Qh6+ Ke8 30. Qh8+ Kd7 31. Qxa8 Qxg3+ 32. Kd2 Qf2+ 33. Kc1 g3 34. Qxb7 g2 35. Ba4+ Kd6 36. Nb5+ Ke5 37. Qxc7+ Kf5 38. Bc2+ Kg5 39. Qe5+ Kh4 40. Kb1 g1=Q+ 41. Ka2 Qgg3 42. Rh1+ Qh3 43. Rxh3+ Kxh3 44. Qf5+ Kg3 45. Qxf2+ Kxf2 46. Nxa7 Nd5 47. Nc6 Nhf6 48. b4 Nd7 49. Bb3 Nc3+ 50. Kb2 Nb5 51. Bc4 Nd6 52. Kc3 e5 53. b5 e4 54. Nb4 e3 55. Nd3+ Kf3 56. Ne1+ Kf2 57. Nc2 e2 58. Bxe2 Kxe2 59. b6 Nb7 60. a6 Na5 61. b7 Nxb7 62. axb7 1-0


[Site "https://www.chess.com"]

[Event "Titled Tuesday Blitz June 6 Late 2023"]
[White "Svane, Rasmus"]
[Black "Alex_Sahakyan2006"]
[WhiteFideId "4657101"]
[WhiteElo "2601"]
[BlackElo "2694"]
[Result "1/2-1/2"]
[Round "3"]
[TimeControl "180+2"]
[Date "2023.06.07"]
[WhiteClock "0:00:05"]
[BlackClock "0:00:02"]
[Board "12"]

1. Nf3 d5 2. g3 e6 3. Bg2 Nf6 4. O-O Be7 5. c4 O-O 6. b3 b6 7. d4 Bb7 8. Nc3 Qc8 9. Bb2 Rd8 10. cxd5 Nxd5 11. Nxd5 Bxd5 12. Qc2 Qb7 13. Rac1 Na6 14. a3 c5 15. dxc5 Nxc5 16. b4 Be4 17. Qc4 b5 18. Qc3 Bf6 19. Qe3 Bxb2 20. Rxc5 a5 21. Qb3 Bf6 22. bxa5 Rxa5 23. Rfc1 h6 24. Ne1 Bxg2 25. Nxg2 Qe4 26. Rxb5 Rxb5 27. Qxb5 Rd2 28. Kf1 Rb2 29. Qc4 Qxc4 30. Rxc4 Ra2 31. a4 Ra1+ 32. Ne1 Kh7 33. e3 Kg6 34. Ke2 Ra2+ 35. Kf3 h5 36. h3 h4 37. gxh4 Ra1 38. Ng2 e5 39. Kg3 Kf5 40. f3 Ke6 41. Rc6+ Kd5 42. Ra6 Kc4 43. Ra8 Kd3 44. a5 Ke2 45. a6 Kf1 46. e4 Ke2 47. h5 Ra3 48. Kg4 Rxf3 49. Rf8 Ra3 50. Rxf7 Rxa6 51. Nh4 Ke3 52. Nf5+ Kxe4 53. Nxg7 Kd3 54. h6 e4 55. h7 Bxg7 56. Rxg7 Rh6 57. h4 e3 58. Kg5 e2 59. Kxh6 e1=Q 60. h8=Q Qxh4+ 61. Kg6 Qxh8 62. Re7 Kd4 63. Kf5 Qf8+ 64. Ke6 Kc5 65. Rf7 Qc8+ 66. Ke5 Qb8+ 67. Ke6 Qe8+ 68. Kf6 Kd6 69. Kg7 Ke6 70. Rf6+ Ke7 71. Rf5 Qb8 72. Kg6 Qg3+ 73. Rg5 Qd6+ 74. Kf5 Qf6+ 75. Kg4 Qd4+ 76. Kf5 Qd5+ 77. Kf4 Qd4+ 78. Kf5 Kd6 79. Rg4 Qe5+ 80. Kg6 Ke6 81. Kh6 Qf5 82. Rg6+ Kf7 83. Rg7+ Kf8 84. Rg8+ Ke7 85. Rg7+ Kf6 86. Rf7+ Kxf7 1/2-1/2


[Site "https://www.chess.com"]

[Event "Titled Tuesday Blitz June 6 Late 2023"]
[White "Matinian, Nikita"]
[Black "Kamsky, Gata"]
[WhiteFideId "24129100"]
[BlackFideId "2000024"]
[WhiteElo "2422"]
[BlackElo "2660"]
[Result "0-1"]
[Round "3"]
[TimeControl "180+2"]
[Date "2023.06.07"]
[WhiteClock "0:00:02"]
[BlackClock "0:00:25"]
[Board "13"]

1. e4 c5 2. Nf3 e6 3. d4 cxd4 4. Nxd4 a6 5. Nc3 b5 6. Bd3 Qb6 7. Nb3 Qc7 8. O-O Nc6 9. Re1 Nf6 10. a4 b4 11. Nd5 exd5 12. exd5+ Ne5 13. f4 d6 14. Nd4 Be7 15. fxe5 dxe5 16. Nc6 O-O 17. Nxe7+ Qxe7 18. d6 Qe6 19. Bf4 e4 20. b3 Bb7 21. Bc4 Qf5 22. Bg3 Qc5+ 23. Kh1 e3 24. Qe2 Rfe8 25. Rad1 Bc6 26. Kg1 h5 27. Bh4 g5 28. Bg3 h4 29. d7 hxg3 30. dxe8=Q+ Rxe8 31. hxg3 Qe5 32. Rf1 Kg7 33. Bxa6 Qxg3 34. Bb5 Rh8 35. Rxf6 Qh2+ 36. Kf1 Qh1# 0-1


[Site "https://www.chess.com"]

[Event "Titled Tuesday Blitz June 6 Late 2023"]
[White "Makarian, Rudik"]
[Black "Jaracz, Pawel"]
[WhiteFideId "44105681"]
[BlackFideId "1102222"]
[WhiteElo "2451"]
[BlackElo "2454"]
[Result "1-0"]
[Round "3"]
[TimeControl "180+2"]
[Date "2023.06.07"]
[WhiteClock "0:02:33"]
[BlackClock "0:01:21"]
[Board "14"]

1. d4 d5 2. c4 c6 3. Nf3 Nf6 4. Nc3 dxc4 5. g3 b5 6. Bg2 Bb7 7. Ne5 a6 8. O-O e6 9. b3 b4 10. bxc4 bxc3 11. Rb1 Qc8 12. Qb3 Ra7 13. Qb6 c2 14. Rb3 Ra8 15. Qxb7 Qxb7 16. Rxb7 Bd6 17. Nxf7 Be7 18. Nxh8 Nfd7 19. Rb2 a5 20. Rxc2 Ra7 21. Bf4 Na6 22. Rb1 Nb4 23. Rd2 Nb6 24. Rc1 Bf6 25. a3 1-0


[Site "https://www.chess.com"]

[Event "Titled Tuesday Blitz June 6 Late 2023"]
[White "Korchmar, Vasiliy"]
[Black "Sjugirov, Sanan"]
[WhiteFideId "24131750"]
[BlackFideId "4189302"]
[WhiteElo "2370"]
[BlackElo "2569"]
[Result "0-1"]
[Round "3"]
[TimeControl "180+2"]
[Date "2023.06.07"]
[WhiteClock "0:00:04"]
[BlackClock "0:00:05"]
[Board "15"]

1. e4 c5 2. Nf3 d6 3. d4 cxd4 4. Nxd4 Nf6 5. Nc3 a6 6. Be2 e5 7. Nb3 Be7 8. O-O O-O 9. Be3 Be6 10. Nd5 Nbd7 11. Qd3 Bxd5 12. exd5 Rc8 13. c4 Ne8 14. Rad1 g6 15. Kh1 Bg5 16. f4 Bxf4 17. Bxf4 exf4 18. Rxf4 Ne5 19. Qg3 Ng7 20. Rdf1 Kh8 21. h3 Qe7 22. Nd4 f5 23. b3 g5 24. R4f2 f4 25. Qc3 Qf6 26. Bg4 Nxg4 27. hxg4 Rce8 28. Rf3 Re4 29. Rd1 h5 30. gxh5 g4 31. Rfd3 Re5 32. Kg1 Rxh5 33. Ne6 Qxc3 34. Rxc3 Rf6 35. Nxg7 Kxg7 36. c5 Rfh6 37. Kf2 dxc5 38. d6 Rh8 39. b4 cxb4 40. Rc7+ Kf6 41. Rxb7 Rd8 42. Rxb4 Rf5 43. Rb6 a5 44. Rd4 Ke6 45. d7+ Ke7 46. Rb7 g3+ 47. Kf3 Rc5 48. Re4+ Kd6 49. Rxf4 Rc3+ 50. Kg4 Kc6 51. Ra7 Kb6 52. Rxa5 Kxa5 53. Rd4 Rc7 54. Kxg3 Rcxd7 55. Rxd7 Rxd7 56. Kf4 Rf7+ 57. Ke4 Rg7 58. Kf3 Kb5 59. g4 Kc5 60. Kf4 Kd6 61. Kf5 Ke7 62. g5 Rf7+ 63. Kg6 Rf2 64. a4 Kf8 0-1


[Site "https://www.chess.com"]

[Event "Titled Tuesday Blitz June 6 Late 2023"]
[White "Rasulov, Vugar"]
[Black "Kleiman, Jake"]
[WhiteFideId "13402390"]
[BlackFideId "2020041"]
[WhiteElo "2509"]
[BlackElo "2677"]
[Result "1-0"]
[Round "3"]
[TimeControl "180+2"]
[Date "2023.06.07"]
[WhiteClock "0:00:37"]
[BlackClock "0:00:01"]
[Board "16"]

1. d4 Nf6 2. Nf3 e6 3. g3 d5 4. Bg2 b5 5. O-O Nbd7 6. Ne5 Nxe5 7. dxe5 Nd7 8. a4 b4 9. c4 bxc3 10. Nxc3 c6 11. e4 Bc5 12. exd5 cxd5 13. Qg4 O-O 14. Bh6 g6 15. Bxf8 Qxf8 16. Qe2 Bd4 17. Nxd5 exd5 18. Bxd5 Rb8 19. e6 Nf6 20. exf7+ Kg7 21. Rad1 Rxb2 22. Qc4 Bb6 23. Qc3 Re2 24. a5 Bc5 25. Bf3 Ra2 26. Rc1 Bxf2+ 27. Rxf2 Rxf2 28. Kxf2 Be6 29. Qd4 Qxf7 30. Qe5 Kg8 31. Kg2 Nd7 32. Qd4 h6 33. Rc7 Qf5 34. g4 Qf7 35. Rxa7 Kh7 36. a6 1-0


[Site "https://www.chess.com"]

[Event "Titled Tuesday Blitz June 6 Late 2023"]
[White "Najer, Evgeniy"]
[Black "Kevlishvili, Robby"]
[WhiteFideId "4118987"]
[BlackFideId "1040634"]
[WhiteElo "2545"]
[BlackElo "2572"]
[Result "0-1"]
[Round "3"]
[TimeControl "180+2"]
[Date "2023.06.07"]
[WhiteClock "0:00:02"]
[BlackClock "0:00:15"]
[Board "17"]

1. d4 d5 2. c4 e6 3. Nc3 a6 4. cxd5 exd5 5. Nf3 c6 6. Bf4 Bd6 7. Bxd6 Qxd6 8. e3 Ne7 9. Be2 O-O 10. O-O Nf5 11. Rc1 Qe7 12. Na4 Nd7 13. Bd3 Nd6 14. Re1 Nf6 15. Nb6 Rb8 16. Nxc8 Rbxc8 17. Qb3 Nfe4 18. Qb4 Rfe8 19. a4 g6 20. Ne5 f6 21. Nf3 Kg7 22. Nd2 Nxd2 23. Qxd2 Ne4 24. Bxe4 Qxe4 25. b4 Qe6 26. h3 Qd7 27. Rc5 h5 28. Rec1 g5 29. Qc2 Re6 30. b5 axb5 31. axb5 Rd6 32. Qb3 Rc7 33. Ra1 b6 34. bxc6 Rcxc6 35. Rb5 g4 36. hxg4 hxg4 37. g3 Qf5 38. Qb1 Qd7 39. Rb2 Qc8 40. Qd1 Rc7 41. Rab1 Rdc6 42. Qe2 Rc1+ 43. Rxc1 Rxc1+ 44. Kg2 Qf5 0-1


[Site "https://www.chess.com"]

[Event "Titled Tuesday Blitz June 6 Late 2023"]
[White "Blohberger, Felix"]
[Black "Ibarra Jerez, Jose Carlos"]
[WhiteFideId "1632051"]
[BlackFideId "2226332"]
[WhiteElo "2435"]
[BlackElo "2631"]
[Result "0-1"]
[Round "3"]
[TimeControl "180+2"]
[Date "2023.06.07"]
[WhiteClock "0:00:02"]
[BlackClock "0:00:22"]
[Board "18"]

1. d4 Nf6 2. c4 d6 3. Nc3 e5 4. dxe5 dxe5 5. Qxd8+ Kxd8 6. Nf3 Nfd7 7. e3 f6 8. g4 c6 9. Bd2 Kc7 10. O-O-O Nb6 11. Rg1 Be6 12. b3 a5 13. Bd3 N8d7 14. Bf5 Bf7 15. g5 Nc5 16. gxf6 gxf6 17. Kc2 a4 18. Ne4 axb3+ 19. axb3 Ra2+ 20. Kb1 Ra3 21. Nxc5 Bxc5 22. Bc2 Bg6 23. Bxg6 hxg6 24. Rxg6 Rxb3+ 25. Kc2 Ra3 26. Rxf6 Nxc4 27. Bc1 Ra4 28. Rf7+ Kb6 29. Kb3 Rb4+ 30. Kc3 Nd6 31. Rxd6 Bxd6 32. Ba3 Ka5 33. Bxb4+ Bxb4+ 34. Kb3 b5 35. Nxe5 Rc8 36. h4 c5 37. Rf6 c4+ 38. Kc2 Be1 39. Nc6+ Ka4 40. Nd4 Ra8 41. h5 b4 0-1


[Site "https://www.chess.com"]

[Event "Titled Tuesday Blitz June 6 Late 2023"]
[White "Xiong, Jeffery"]
[Black "Zhurbinsky, David"]
[WhiteFideId "2047640"]
[BlackFideId "2072904"]
[WhiteElo "2726"]
[BlackElo "2658"]
[Result "0-1"]
[Round "3"]
[TimeControl "180+2"]
[Date "2023.06.07"]
[WhiteClock "0:01:43"]
[BlackClock "0:00:33"]
[Board "19"]

1. e4 e5 2. Nf3 Nc6 3. Nc3 Nf6 4. d4 exd4 5. Nxd4 Bb4 6. Nxc6 bxc6 7. Bd3 O-O 8. O-O d5 9. exd5 cxd5 10. h3 h6 11. Qf3 Bxc3 12. bxc3 Rb8 13. Be3 a5 14. Rab1 Rxb1 15. Rxb1 Be6 16. Bd4 Ne4 17. Qe3 Re8 18. f3 c5 19. Qxe4 dxe4 0-1


[Site "https://www.chess.com"]

[Event "Titled Tuesday Blitz June 6 Late 2023"]
[White "Papp, Levente"]
[Black "Zakhartsov, Vladimir"]
[WhiteFideId "751243"]
[BlackFideId "4145097"]
[WhiteElo "2380"]
[BlackElo "2508"]
[Result "0-1"]
[Round "3"]
[TimeControl "180+2"]
[Date "2023.06.07"]
[WhiteClock "0:00:06"]
[BlackClock "0:01:13"]
[Board "20"]

1. Nf3 g6 2. g3 Bg7 3. Bg2 c5 4. c4 Nc6 5. O-O d6 6. Nc3 Bf5 7. d3 Qd7 8. Bd2 Bh3 9. Rb1 h5 10. Nd5 Bxg2 11. Kxg2 Nf6 12. Bc3 Nd4 13. Nxf6+ Bxf6 14. e3 Nf5 15. Bxf6 exf6 16. h3 O-O 17. b4 Rfe8 18. Qb3 b6 19. Qc3 Re6 20. d4 Qe7 21. d5 Re4 22. Nd2 Re5 23. Nf3 Re4 24. Nd2 cxb4 25. Qxb4 Rc8 26. Nxe4 Qxe4+ 27. Kh2 Rxc4 28. Qa3 Rc2 29. Rbe1 Qf3 30. Qb3 Qxg3+ 31. Kh1 Qxh3+ 32. Kg1 Nh4 0-1


[Site "https://www.chess.com"]

[Event "Titled Tuesday Blitz June 6 Late 2023"]
[White "Terry, Renato"]
[Black "Annaberdiyev, Meylis"]
[WhiteFideId "3803457"]
[BlackFideId "14000563"]
[WhiteElo "2575"]
[BlackElo "2416"]
[Result "0-1"]
[Round "3"]
[TimeControl "180+2"]
[Date "2023.06.07"]
[WhiteClock "0:00:06"]
[BlackClock "0:00:13"]
[Board "21"]

1. e4 c5 2. Nf3 Nc6 3. g3 g6 4. Bg2 Bg7 5. O-O Nf6 6. Re1 O-O 7. c3 d6 8. h3 e5 9. d4 cxd4 10. cxd4 exd4 11. Nxd4 Nxd4 12. Qxd4 Be6 13. Qb4 a5 14. Qxb7 Rb8 15. Qa6 d5 16. Nc3 Nxe4 17. Nxe4 dxe4 18. Bxe4 Bxh3 19. Rb1 Rb4 20. Qc6 Rxe4 21. Rxe4 Qd1+ 22. Kh2 Bf5 23. g4 Bxe4 24. Qxe4 Qf1 25. Be3 Be5+ 26. f4 Qe2+ 27. Kg3 Bf6 28. g5 Bg7 29. Qf3 Qc2 30. Qd1 Qe4 31. Bf2 h6 32. Qe1 Qf5 33. Rc1 hxg5 34. fxg5 Qxg5+ 35. Kf3 Be5 36. Rc4 Qf5+ 37. Kg2 Bxb2 38. Qe2 Qd5+ 39. Kf1 Bf6 40. Rc5 Qh1+ 41. Bg1 Bd4 42. Rg5 Bxg1 43. Rxg1 Qh3+ 44. Kf2 Rc8 45. Qd2 Qh4+ 46. Kf1 Qf6+ 47. Kg2 Rd8 48. Qe2 Rd4 49. Rf1 Qg5+ 50. Kf3 Rf4+ 0-1


[Site "https://www.chess.com"]

[Event "Titled Tuesday Blitz June 6 Late 2023"]
[White "Li, Ruifeng"]
[Black "Manukyan, Sargis A."]
[WhiteFideId "2061074"]
[BlackFideId "13303970"]
[WhiteElo "2441"]
[BlackElo "2187"]
[Result "1/2-1/2"]
[Round "3"]
[TimeControl "180+2"]
[Date "2023.06.07"]
[WhiteClock "0:00:12"]
[BlackClock "0:00:22"]
[Board "22"]

1. b3 d5 2. Bb2 e6 3. e3 Nf6 4. Nf3 Be7 5. d4 O-O 6. Bd3 b6 7. Nbd2 Bb7 8. O-O Ne4 9. c4 f5 10. Ne5 Nd7 11. Ndf3 Nxe5 12. Nxe5 Bd6 13. f3 Ng5 14. Qc2 Nf7 15. cxd5 Bxd5 16. Nxf7 Rxf7 17. e4 fxe4 18. fxe4 Qh4 19. g3 Rxf1+ 20. Rxf1 Bxg3 21. exd5 Bf4 22. dxe6 Rf8 23. Kh1 Bd6 24. Rxf8+ Kxf8 25. Qe2 Ke7 26. Bc3 Qh3 27. Be4 Qxc3 28. d5 Qc1+ 29. Kg2 Qf4 30. Kg1 Bc5+ 31. Kg2 Qg5+ 32. Kh3 Bd6 33. Qg4 Qe3+ 34. Bf3 Qh6+ 35. Qh4+ Qxh4+ 36. Kxh4 Bxh2 37. Be4 h6 38. Kh5 Be5 39. Kg6 Bf6 40. Bd3 a5 41. Bb5 Kd6 42. Bc6 Be7 43. a4 Bf6 44. Bb7 Be7 45. Bc6 Bf8 46. Kf7 Be7 47. Kg6 1/2-1/2


[Site "https://www.chess.com"]

[Event "Titled Tuesday Blitz June 6 Late 2023"]
[White "Shohat, Yotam"]
[Black "Elsa167"]
[WhiteFideId "2813955"]
[WhiteElo "2226"]
[BlackElo "2887"]
[Result "0-1"]
[Round "3"]
[TimeControl "180+2"]
[Date "2023.06.07"]
[WhiteClock "0:01:16"]
[BlackClock "0:00:45"]
[Board "23"]

1. e4 e6 2. d4 d5 3. e5 c5 4. c3 Nc6 5. Nf3 Qb6 6. a3 c4 7. Be2 Na5 8. Nbd2 Bd7 9. Rb1 Ne7 10. b4 cxb3 11. Nxb3 Nxb3 12. Rxb3 Qc7 13. Bb5 Bxb5 14. Rxb5 Nc6 15. O-O Be7 16. a4 b6 17. Qd3 Na5 18. Bg5 Rc8 19. Bxe7 Qxe7 20. Nd2 O-O 21. f4 Qa3 22. Rf3 Nc4 23. Nxc4 Rxc4 24. f5 Qc1+ 25. Kf2 Rxa4 26. h4 Ra2+ 27. Kg3 Qe1+ 28. Kh2 Qxh4+ 29. Rh3 Qf4+ 30. Rg3 Rd2 31. Qb1 Re2 32. Qd3 Rd2 33. Qb1 g6 34. fxe6 fxe6 35. Rb2 Rxb2 36. Qxb2 Rf5 37. Qe2 Rh5+ 38. Qxh5 Qxg3+ 39. Kxg3 gxh5 40. Kh4 a5 41. Kxh5 a4 42. c4 dxc4 0-1


[Site "https://www.chess.com"]